Map: [ESL] Goldenaura

Players

MaxPax - Winner!

  • Race: Protoss Protoss
  • Spawn Location: 12:00

MaNa

  • Race: Protoss Protoss
  • Spawn Location: 5:00

Event: ESL SC2 Masters 2023 Winter (Regional)

VOD

Have the link to the VOD?

Description

Time

  • Played on: Nov. 10, 2023, 10:57 a.m.
  • Length: 15:00

All games in this series

Show
View Real Time Build Order
Export as new Build Order

MaxPax Protoss - Winner!

Build Orders: Oracle Opening 

Get SALT Encoding   

  12  0:00  Probe  
  13  0:12  Probe  
  14  0:19  Pylon  
  14  0:24  Probe  
  15  0:37  Probe (Chrono Boost)  
  15  0:38  Gateway  
  16  0:47  Assimilator, Probe (Chrono Boost)  
  17  0:52  Probe (Chrono Boost)  
  18  1:03  Probe  
  19  1:17  Probe (Chrono Boost)  
  20  1:18  Pylon  
  20  1:20  Assimilator  
  20  1:26  Cybernetics Core  
  20  1:28  Probe (Chrono Boost)  
  21  1:32  Probe (Chrono Boost)  
  21  1:36  Zealot  
  24  1:40  Pylon  
  24  1:44  Probe  
  25  1:56  Probe  
  25  2:02  Stargate  
  25  2:07  Adept  
  27  2:28  Nexus  
  27  2:31  Warp Gate  
  27  2:36  Pylon  
  27  2:43  Oracle (Chrono Boost)  
  30  2:52  Probe  
  30  3:05  Probe  
  29  3:14  Stalker  
  29  3:17  Probe  
  31  3:25  Oracle (Chrono Boost)  
  29  3:29  Probe (Chrono Boost)  
  33  3:40  Probe (Chrono Boost)  
  35  3:47  Probe (Chrono Boost)  
  36  3:49  Probe (Chrono Boost)  
  36  3:51  Twilight Council  
  36  3:54  Probe x2 (Chrono Boost)  
  38  4:03  Shield Battery  
  38  4:05  Probe  
  38  4:07  Probe (Chrono Boost)  
  40  4:19  Stalker, Probe (Chrono Boost)  
  40  4:23  Blink (Chrono Boost), Probe (Chrono Boost)  
  44  4:27  Probe (Chrono Boost)  
  44  4:31  Probe (Chrono Boost)  
  46  4:33  Probe  
  44  4:41  Probe  
  44  4:43  Gateway  
  44  4:45  Gateway, Probe  
  46  4:50  Stalker  
  48  4:53  Probe  
  48  4:57  Probe  
  50  5:06  Probe  
  51  5:09  Pylon  
  51  5:14  Nexus  
  51  5:16  Probe  
  51  5:19  Stalker  
  54  5:27  Probe  
  55  5:29  Probe  
  55  5:32  Assimilator  
  56  5:38  Stalker  
  56  5:40  Shield Battery  
  59  5:43  Stalker  
  59  5:45  Stalker  
  59  5:46  Pylon  
  62  5:50  Gateway  
  62  6:02  Forge  
  62  6:04  Probe x2  
  62  6:07  Stalker x2  
  62  6:09  Stalker  
  68  6:17  Pylon  
  68  6:20  Pylon  
  68  6:26  Probe x2  
  64  6:33  Stalker x3  
  64  6:38  Probe  
  64  6:41  Probe  
  64  6:44  Protoss Ground Weapons Level 1 (Chrono Boost)  
  65  6:47  Stalker  
  67  6:54  Pylon  
  67  6:56  Pylon  
  67  6:58  Stalker x2  
  69  7:04  Pylon  
  69  7:13  Stalker  
  69  7:14  Stalker  
  69  7:15  Pylon  
  71  7:22  Stalker x2  
  71  7:27  Robotics Facility  
  75  7:31  Probe  
  75  7:33  Probe  
  73  7:41  Stalker x2  
  77  7:46  Probe  
  77  7:49  Stalker x2  
  76  7:55  Assimilator  
  76  8:01  Cybernetics Core  
  76  8:04  Zealot x2  
  80  8:14  Nexus, Immortal (Chrono Boost)  
  83  8:34  Gateway  
  83  8:36  Zealot x3  
  89  8:44  Immortal (Chrono Boost)  
  83  8:57  Shield Battery  
  83  9:00  Stalker x3  
  86  9:02  Probe  
  86  9:03  Probe  
  86  9:04  Protoss Ground Weapons Level 2 (Chrono Boost)  
  87  9:12  Observer (Chrono Boost)  
  87  9:14  Shield Battery  
  88  9:25  Stalker x2  
  92  9:31  Stalker x2  
  92  9:51  Stalker x2  
  92  9:55  Probe  
  92  9:56  Immortal (Chrono Boost), Probe  
  92  9:58  Gateway  
  98  10:06  Pylon  
  94  10:07  Probe  
  94  10:12  Stalker x2  
  85  10:22  Gateway, Stalker  
  85  10:25  Sentry  
  93  10:28  Immortal (Chrono Boost)  
  90  10:40  Nexus, Stalker  
  92  10:48  Stalker x2  
  92  10:49  Stalker  
  98  10:50  Probe  
  98  10:55  Charge (Chrono Boost)  
  99  11:04  Observer (Chrono Boost)  
  99  11:06  Stalker x2  
  104  11:13  Probe  
  104  11:14  Probe  
  104  11:16  Gateway, Stalker x2  
  110  11:20  Gateway, Stalker  
  110  11:23  Probe  
  111  11:33  Warp Prism (Chrono Boost)  
  111  11:38  Stalker x3  
  115  11:41  Protoss Ground Weapons Level 3 (Chrono Boost), Probe x2  
  117  11:50  Dark Shrine  
  117  11:53  Probe  
  118  11:55  Adept x2  
  118  11:59  Stalker  
  118  12:00  Probe  
  125  12:02  Probe  
  125  12:06  Stalker x2  
  130  12:11  Zealot, Probe  
  130  12:12  Zealot  
  125  12:30  Zealot x6  
  125  12:33  Zealot  
  125  12:35  Probe  
  125  12:36  Warp Prism (Chrono Boost)  
  140  12:38  Probe  
  140  12:44  Probe  
  140  12:49  Probe  
  139  12:53  Nexus  
  139  12:58  Photon Cannon  
  139  13:03  Pylon  
  139  13:04  Pylon  
  139  13:05  Pylon  
  139  13:13  Probe  
  139  13:14  Pylon  
  140  13:21  Photon Cannon, Probe  
  140  13:23  Observer (Chrono Boost)  
  140  13:24  Stalker x8  
  155  13:35  Probe  
  152  13:43  Probe  
  152  13:47  Observer  
  152  13:48  Probe x2  
  149  13:49  Photon Cannon  
  149  13:51  Pylon, Stalker x7  
  149  13:55  Stalker  
  163  13:56  Probe  
  162  14:14  Robotics Bay  
  162  14:15  Zealot x3  
  162  14:16  Zealot x4  
  175  14:17  Probe  
  175  14:19  Probe  
  175  14:20  Observer (Chrono Boost), Pylon  
  174  14:29  Stalker  
  174  14:30  Probe  
  159  14:36  Zealot x7  
  163  14:40  Observer (Chrono Boost), Probe  
  163  14:41  Probe  
  156  14:56  Nexus  
Show
View Real Time Build Order
Export as new Build Order

MaNa Protoss 

Build Orders:  

Get SALT Encoding   

  12  0:00  Probe  
  13  0:12  Probe  
  14  0:19  Pylon  
  14  0:24  Probe (Chrono Boost)  
  15  0:37  Gateway, Probe (Chrono Boost)  
  16  0:45  Probe (Chrono Boost)  
  16  0:46  Assimilator  
  17  0:52  Probe (Chrono Boost)  
  18  1:04  Probe (Chrono Boost)  
  19  1:07  Pylon  
  19  1:12  Probe (Chrono Boost)  
  19  1:18  Probe  
  20  1:25  Zealot, Cybernetics Core  
  21  1:30  Probe  
  24  1:42  Probe  
  24  1:45  Assimilator  
  25  1:54  Probe  
  26  2:01  Warp Gate, Adept (Chrono Boost)  
  26  2:06  Probe  
  26  2:08  Pylon  
  29  2:23  Stalker (Chrono Boost)  
  29  2:26  Pylon  
  31  2:36  Nexus  
  31  2:42  Shield Battery  
  31  2:47  Probe  
  32  2:56  Stalker  
  34  2:59  Probe  
  34  3:05  Shield Battery  
  35  3:11  Probe  
  36  3:24  Probe  
  36  3:26  Stalker  
  37  3:34  Twilight Council  
  37  3:36  Probe  
  38  3:43  Pylon  
  38  3:48  Probe x2  
  40  3:59  Gateway  
  40  4:00  Probe x2  
  41  4:07  Stalker  
  43  4:13  Probe x2  
  43  4:15  Blink (Chrono Boost)  
  45  4:27  Probe  
  45  4:28  Pylon  
  45  4:29  Probe  
  47  4:37  Stalker  
  49  4:45  Gateway  
  49  4:46  Gateway  
  49  4:50  Probe  
  49  4:51  Probe  
  49  4:55  Stalker  
  51  5:06  Stalker  
  53  5:08  Probe x2  
  53  5:10  Pylon  
  55  5:14  Robotics Facility  
  55  5:20  Probe  
  55  5:21  Stalker  
  58  5:24  Probe  
  59  5:34  Gateway  
  59  5:44  Stalker x3  
  59  5:47  Stalker  
  67  5:52  Pylon  
  67  6:02  Observer  
  68  6:11  Stalker x3  
  68  6:12  Stalker  
  74  6:37  Nexus  
  66  6:41  Stalker x2  
  69  6:53  Stalker  
  71  6:55  Probe x2  
  73  7:05  Stalker x2  
  77  7:11  Probe x2  
  73  7:27  Stalker x3  
  73  7:28  Stalker  
  79  7:34  Probe  
  78  7:37  Stalker  
  78  7:38  Probe  
  81  7:46  Probe  
  82  7:56  Probe (Chrono Boost)  
  82  7:57  Probe (Chrono Boost)  
  83  7:58  Assimilator  
  83  7:59  Stalker x3  
  83  8:00  Probe (Chrono Boost)  
  90  8:08  Probe (Chrono Boost)  
  90  8:09  Probe (Chrono Boost)  
  90  8:12  Probe (Chrono Boost)  
  93  8:15  Probe x2 (Chrono Boost)  
  93  8:16  Probe (Chrono Boost)  
  96  8:22  Stalker x2  
  100  8:31  Pylon  
  100  8:36  Pylon  
  100  8:38  Pylon x2  
  93  8:51  Stalker x4  
  93  8:53  Probe x3  
  91  9:07  Stalker  
  93  9:10  Shield Battery, Probe x3 (Chrono Boost)  
  93  9:17  Sentry x2  
  96  9:20  Stalker  
  96  9:22  Probe x3 (Chrono Boost)  
  103  9:24  Stalker  
  103  9:29  Probe x3 (Chrono Boost)  
  107  9:37  Probe  
  107  9:38  Probe  
  99  9:51  Stalker x4  
  97  9:54  Stalker  
  77  10:14  Stalker x3  
  77  10:18  Zealot x2  
  85  10:22  Forge  
  85  10:23  Assimilator, Pylon  
  85  10:26  Immortal (Chrono Boost)  
  89  10:30  Gateway, Assimilator  
  89  10:31  Pylon  
  89  10:38  Adept x2  
  93  10:47  Protoss Ground Weapons Level 1 (Chrono Boost)  
  89  10:50  Stalker x2  
  89  10:51  Probe, Stalker  
  96  10:58  Gateway  
  96  11:00  Gateway  
  96  11:02  Immortal (Chrono Boost)  
  96  11:07  Shield Battery  
  96  11:09  Probe x2  
  102  11:17  Sentry  
  104  11:21  Assimilator  
  104  11:22  Probe x2  
  106  11:30  Stalker x2  
  106  11:31  Stalker  
  106  11:32  Nexus  
  112  11:36  Immortal (Chrono Boost)  
  112  11:41  Sentry  
  112  11:45  Photon Cannon  
  114  11:48  Pylon  
  114  11:52  Photon Cannon  
  114  11:56  Pylon  
  114  11:57  Charge  
  114  12:04  Stalker x2  
  114  12:06  Observer (Chrono Boost), Photon Cannon  
  119  12:09  Shield Battery  
  118  12:16  Shield Battery  
  118  12:17  Stalker  
  113  12:23  Probe  
  113  12:24  Probe  
  113  12:29  Stalker x3  
  117  12:32  Stalker  
  117  12:35  Probe x2  
  116  12:46  Protoss Ground Weapons Level 2 (Chrono Boost)  
  116  12:51  Nexus, Observer  
  116  12:58  Templar Archives  
  116  13:04  Probe x2  
  118  13:07  Zealot  
  118  13:10  Shield Battery  
  120  13:16  Zealot x2  
  120  13:18  Probe  
  120  13:19  Probe  
  126  13:23  Observer (Chrono Boost)  
  126  13:25  Zealot  
  126  13:26  Zealot  
  127  13:37  Zealot x4  
  127  13:42  Zealot  
  127  13:47  Zealot x2  
  129  13:50  Observer  
  129  13:52  Immortal (Chrono Boost)  
  133  13:57  High Templar x2  
  133  14:00  High Templar x2  
  133  14:02  Probe x2  
  143  14:04  Archon x2  
  137  14:13  Stalker x3  
  137  14:31  Stalker x2  
  111  14:34  Stalker x2  
  113  14:41  Stalker x2  
  113  14:43  Stalker  
Tags
 
Add a new tag
Caveats
  • Supply blocks, unpowered buildings, or Contaminate may cause inaccurate times.
  • Supply counts are checked every 10 seconds.